 Dungeon Crawl Stone Soup version 0.31.0-1-g2c135a008e (webtiles) character file.

Game seed: 17651958389290514418

77 qw the Shooter (level 4, 0/35 HPs)
             Began as a Djinni Hunter on Jan 23, 2024.
             Slain by a gnoll
             ... wielding a +1 halberd of freezing
              (9 damage)
             ... on level 3 of the Dungeon.
             The game lasted 00:00:06 (1689 turns).

qw the Shooter (Djinni Hunter)                      Turns: 1689, Time: 00:00:07

Health: 0/35       AC:  5    Str: 10    XL:     4   Next: 60%
Gold:   140        EV: 11    Int: 11    God:
                   SH:  0    Dex: 18

rFire   + + +        a - +0 shortbow
rCold   x . .        (shield currently unavailable)
rNeg    . . .        b - +0 ring mail
rPois   inf          (no helmet)
rElec   .            (no cloak)
rCorr   .            (no gloves)
SInv    .            (boots unavailable)
Will    .....        (no amulet)
Stlth   +            e - ring of protection from fire
HPRegen 0.25/turn    (no ring)
MPRegen 0.00/turn

%: infuse magic (-1 HP)
@: flying
A: sickness immunity, fire resistance 2, cold vulnerability 1, float, innate
caster, HP casting, extra vitality 1
a: no special abilities


You were on level 3 of the Dungeon.
You visited 1 branch of the dungeon, and saw 3 of its levels.

You collected 140 gold pieces.


Innate Abilities, Weirdness & Mutations

You are immune to sickness and miasma.
You are immune to poison.
Your flesh is very heat resistant. (rF++)
You are vulnerable to cold. (rC-)
You float through the air rather than walking.
You learn spells naturally, not from books.
Your magical power is your life essence.
You have superior vitality. (+4 MHP)


   Skills:
 - Level 3.5 Fighting
 - Level 4.0 Ranged Weapons
 + Level 0.1 Armour
 - Level 2.2 Dodging
 - Level 0.7 Stealth


You knew the following spells:

 Your Spells              Type           Power      Damage    Failure   Level
a - Apportation           Tloc           0%         N/A       67%         1
Your spell library was empty.

Inventory:

Hand Weapons
 a - a +0 shortbow (weapon)
Armour
 b - a +0 ring mail (worn)
 g - a +0 helmet
 j - a +2 helmet
Jewellery
 e - a ring of protection from fire (left hand)
Potions
 d - a potion of haste
 h - a potion of might {unknown}
 i - a potion of invisibility {unknown}
 k - a potion of enlightenment {unknown}

Dungeon Overview and Level Annotations

Branches:
Dungeon (3/15)

Altars:

Shops:
D:2 :


Message History

You shoot an arrow. The arrow barely misses the orc.
The orc closely misses you. The orc hits you with a +0 mace.
You shoot an arrow. The arrow barely misses the orc.
A gnoll comes into view. It is wielding a +0 club.
The gnoll hits you from afar with a +1 halberd of freezing!
The gnoll freezes you. The orc hits you with a +0 mace.
Enter note:
Enter note:
Enter note:
Enter note:
1683 ||| RETREEEEATING.
The gnoll attacks as it pursues you! The gnoll closely misses you.
The orc throws a boomerang.
The boomerang barely misses you.
You shoot an arrow. The gnoll shouts!
The arrow hits the orc.
The orc is heavily wounded.
The gnoll misses you. The orc closely misses you.
The gnoll hits you from afar with a +1 halberd of freezing!
The gnoll freezes you.
1685 ||| DRINKING potion of heal wounds.
You feel much better.
The gnoll hits you from afar with a +1 halberd of freezing!
The gnoll freezes you. The orc hits you but does no damage.
Enter note:
Enter note:
1686 ||| RETREEEEATING.
The gnoll attacks as it pursues you! The gnoll barely misses you.
You shoot an arrow.
The arrow hits the orc but does no damage.
The orc is heavily wounded.
The gnoll closely misses you. The orc hits you with a +0 mace.
You shoot an arrow. The arrow hits the orc.
The orc is severely wounded.
The gnoll hits you from afar with a +1 halberd of freezing.
The gnoll freezes you. The orc closely misses you.
You shoot an arrow. The arrow barely misses the orc.
The arrow hits the gnoll.
The gnoll is heavily wounded.
The gnoll hits you from afar with a +1 halberd of freezing!
You die...

#.#### ### ..#..# #..
#.#..# #.# ### #.#..#
#.###.# #.#..# #.#...#
#.#..###.#.#.#
#.#......#...##### #
#@##'###'#........
#.#.#.##o#.........######
....g%.gg................
#.###)#........>..)######
......................
.###.#....)..#.##.######
#.#[#.#..###..#.##.#
#.### #.......#.##.# ....
. .......####'#'##+##


You could see 2 gnolls and an orc.

Vanquished Creatures
  Terence (D:3)
  An adder (D:3)
  An orc (D:3)
  4 bats
  7 endoplasms
  2 giant cockroaches
  A goblin (D:1)
  3 hobgoblins
  4 quokkas
  5 ball pythons
  5 frilled lizards
  6 kobolds
  2 rats (D:1)
42 creatures vanquished.

Notes
Turn   | Place    | Note
-------+----------+-------------------------------------------
     0 | D:1      | qw the Djinni Hunter began the quest for the Orb.
     0 | D:1      | Reached XP level 1. HP: 18/18 MP: 0/0
     0 | D:1      | 0 ||| qw: Version: 0.3-a-134-g2ba4250
     0 | D:1      | 0 ||| qw: Game counter: 686
     0 | D:1      | 0 ||| qw: Melee chars always use a shield: true
     0 | D:1      | 0 ||| qw: God list: Okawaru
     0 | D:1      | 0 ||| qw: Allow faded altars: false
     0 | D:1      | 0 ||| qw: Do Orc after clearing Dungeon:15 true
     0 | D:1      | 0 ||| qw: Do second Lair branch before Depths: true
     0 | D:1      | 0 ||| qw: Lair rune preference: random
     0 | D:1      | 0 ||| qw: Goals: Normal
     0 | D:1      | 0 ||| PLANNING D:1-11
    96 | D:1      | Reached XP level 2. HP: 20/23 MP: 0/0
   357 | D:1      | Reached XP level 3. HP: 27/28 MP: 0/0
   357 | D:1      | Learned a level 1 spell: Apportation
   370 | D:1      | Reached skill level 4 in Ranged Weapons
   593 | D:1      | 593 ||| READING scroll labelled DUGUIS LAOG.
   593 | D:1      | 593 ||| IDENTIFYING bubbling orange potion
   594 | D:1      | 594 ||| READING scroll labelled ARGHIC JOMOEHO.
   594 | D:1      | Identified a scroll of acquirement
   594 | D:1      | 594 ||| ACQUIRING ring of protection from fire
   594 | D:1      | Acquired a ring of protection from fire
   596 | D:1      | 596 ||| UPGRADING to ring of protection from fire.
   597 | D:1      | 597 ||| READING scroll labelled NAUMOPLY QIEFO.
   598 | D:1      | 598 ||| READING scroll labelled KEISUCA PAAWKEGEH.
   599 | D:1      | 599 ||| READING 3 scrolls labelled ONUSIG USOUNT.
   600 | D:1      | 600 ||| DRINKING 2 fizzy silvery potions.
   601 | D:1      | 601 ||| DROPPING scroll of butterflies.
   602 | D:1      | 602 ||| DROPPING 2 scrolls of revelation.
   879 | D:2      | Found Jinarph's Book Shop.
   973 | D:2      | You are sucked into a shaft and drop 1 floor!
   974 | D:3      | 974 ||| READING scroll of identify.
   974 | D:3      | 974 ||| IDENTIFYING emerald potion
   975 | D:3      | 975 ||| DROPPING potion of attraction.
  1356 | D:2      | 1356 ||| READING scroll of identify.
  1356 | D:2      | 1356 ||| IDENTIFYING clear potion
  1357 | D:2      | 1357 ||| READING scroll labelled EDERPH KOPRYMOZ.
  1458 | D:2      | 1458 ||| DROPPING potion of brilliance.
  1576 | D:3      | Reached XP level 4. HP: 33/34 MP: 0/0
  1617 | D:3      | Noticed Terence
  1627 | D:3      | Killed Terence
  1628 | D:3      | Reached skill level 3 in Fighting
  1665 | D:3      | 1665 ||| UPGRADING to +0 ring mail.
  1670 | D:3      | 1670 ||| UPGRADING to +0 ring mail.
  1677 | D:3      | 1677 ||| DROPPING +0 leather armour.
  1683 | D:3      | 1683 ||| RETREEEEATING.
  1684 | D:3      | HP: 4/35 [gnoll/+1 halberd of freezing (12)]
  1685 | D:3      | 1685 ||| DRINKING potion of heal wounds.
  1686 | D:3      | 1686 ||| RETREEEEATING.
  1689 | D:3      | Slain by a gnoll

Levels and vault maps discovered:
D:1:      heliophobic_arrival_enchanted_forest, layout_loops_cross,
          minmay_small_reverse_x
D:2:      layout_loops_corners, serial_shops, nicolae_shop_back_alley_shop
D:3:      minmay_wonky_spiral, layout_basic,
          dreamdust_ecumenical_altar_hidden_monk_grotto, minmay_surrounded,
          uniq_terence

Skill      XL: |  1  2  3  4 |
---------------+-------------+-----
Ranged Weapons | 4 |  4.0
Fighting       | 3 |  3.5
Armour         | |  0.1
Dodging        | |  2.2
Stealth        | |  0.7

Action                     |  1- 3 |  4- 6 || total
---------------------------+-------+-------++-------
   Fire: Shortbow          |   100 |    25 ||   125
    Use: Scroll            |     8 |       ||     8
         Potion            |     1 |     1 ||     2
 Armour: Leather armour    |    15 |     1 ||    16
         Ring mail         |       |    10 ||    10
  Dodge: Dodged            |    22 |    13 ||    35

Table legend:
 A = Non-vault XP
 B = Vault XP
 C = Vault XP percentage of total XP
 D = Non-vault monster count
 E = Vault monster count
 F = Vault count percentage of total count
                 A         B        C        D         E       F
            +---------+---------+-------+---------+---------+-------
      Total |      47 |      64 |  57.7 |      31 |      11 |  26.2
            +---------+---------+-------+---------+---------+-------
        D:1 |      28 |       6 |  17.6 |      18 |       4 |  18.2
        D:2 |      15 |       0 |   0.0 |      10 |       0 |   0.0
        D:3 |       4 |      58 |  93.5 |       3 |       7 |  70.0
            +---------+---------+-------+---------+---------+-------
